 Dungeon Crawl Stone Soup version 0.31.0-11-ge490571c62 (webtiles) character file.

Game seed: 13973029830942882211

305 sanka the Cudgeller (level 6, -2/78 HPs)
             Began as a Minotaur Fighter on Jan 28, 2024.
             Slain by Edmund
             ... wielding a +3 flail of venom
              (5 damage)
             ... on level 4 of the Dungeon.
             The game lasted 00:03:09 (2192 turns).

sanka the Cudgeller (Minotaur Fighter)              Turns: 2192, Time: 00:03:11

Health: -2/78      AC:  6    Str: 20    XL:     6   Next: 15%
Magic:  5/5        EV:  9    Int:  5    God:
Gold:   84         SH:  4    Dex: 12    Spells: 5/5 levels left

rFire   . . .        a - +0 flail
rCold   . . .        c - +0 buckler
rNeg    . . .        b - +0 scale mail
rPois   .            (helmet restricted)
rElec   .            (no cloak)
rCorr   .            (no gloves)
SInv    .            (no boots)
Will    .....        (no amulet) Stlth
                     (no ring)
HPRegen 0.33/turn    (no ring)
MPRegen 0.09/turn

%: no passive effects
@: berserking, lethally poisoned (-2 -> -21), very quick
A: horns 2, retaliatory headbutt
a: no special abilities


You were on level 4 of the Dungeon.
You visited 1 branch of the dungeon, and saw 4 of its levels.

You collected 84 gold pieces.


Innate Abilities, Weirdness & Mutations

You have a pair of horns on your head.
You reflexively headbutt those who attack you in melee.


   Skills:
 - Level 4.0 Fighting
 + Level 7.7 Maces & Flails
 - Level 3.6 Armour
 - Level 3.6 Shields


You had 5 spell levels left.
You didn't know any spells.
Your spell library contained the following spells:

 Spells                   Type           Power      Damage    Failure   Level
 Foxfire                  Conj/Fire      0%         2x1d4     88%         1
 Plasma Beam              Fire/Air       0%         2x1d10    100%        6
 Starburst                Conj/Fire      0%         6d3       100%        6

Inventory:

Hand Weapons
 a - a +0 flail (weapon)
Armour
 b - a +0 scale mail (worn)
 c - a +0 buckler (worn)
Jewellery
 o - a ring of fire
Talismans
 h - a flux talisman
Wands
 p - a wand of flame (3)
Scrolls
 e - 4 scrolls of teleportation {unknown}
 f - a scroll of summoning {unknown}
 g - a scroll of torment {unknown}
 i - a scroll of enchant armour {unknown}
 j - a scroll of fear {unknown}
 l - a scroll of revelation {unknown}
 n - a scroll of identify {unknown}
Potions
 d - a potion of might
 m - a potion of degeneration {unknown}

Dungeon Overview and Level Annotations

Branches:
Dungeon (4/15)
 Temple: D:4-7

Altars:

Shops:
D:2 [

Annotations:
D:4 Edmund

..▒ ▒.▒▒ . ▒..▒
.. ▒▒..▒▒▒..▒
▒▒▒.......▒
▒▒▒▒.........▒
.............▒▒
.......H@......
...............
.............▒▒
..▒▒▒▒▒▒....▒▒
▒ ▒...▒ ▒...▒
▒...▒ ....


You could see Edmund.


Message History

You barely miss Edmund. Your headbutt misses Edmund.
Edmund is heavily wounded.
You feel very sick. Edmund hits you but does no damage.
Unknown command.
You closely miss Edmund. You headbutt Edmund.
Edmund is heavily wounded.
You feel sick.
Edmund hits you with a +3 flail of venom.
* * * LOW HITPOINT WARNING * * *
You are lethally poisoned!
You hit Edmund.
Edmund is severely wounded.
* * * LOW HITPOINT WARNING * * *
You feel very sick.
Edmund hits you with a +3 flail of venom!
* * * LOW HITPOINT WARNING * * *
You are more poisoned.
Unknown command.
It was a potion of berserk rage.
A red film seems to cover your vision as you go berserk!
You feel yourself moving faster!
You feel mighty!
* * * LOW HITPOINT WARNING * * *
You feel very sick.
Edmund hits you with a +3 flail of venom.
You die...
Edmund whines, "They better pay attention to me now!"

Action                     |  1- 3 |  4- 6 || total
---------------------------+-------+-------++-------
  Melee: Flail             |    92 |    49 ||   141
         Headbutt          |    11 |     7 ||    18
    Use: Potion            |       |     1 ||     1
 Armour: Scale mail        |    49 |    34 ||    83
  Dodge: Dodged            |    42 |    21 ||    63
  Block: Buckler           |    18 |     9 ||    27

Levels and vault maps discovered:
D:1:      onia_arrival_pentagram, layout_basic, chequers_serial_rivers_room_b
D:2:      minmay_inner_zag, layout_loops_ring, serial_shops,
          nicolae_shop_window_shopping, minivault_19
D:3:      layout_basic, uniq_terence, uniq_sigmund
D:4:      layout_layer_cave, minmay_temple_entry_mist, nicolae_stop_n_shop_1,
          uniq_edmund, uniq_menkaure

Notes
Turn   | Place    | Note
-------+----------+-------------------------------------------
     0 | D:1      | sanka the Minotaur Fighter began the quest for the Orb.
     0 | D:1      | Reached XP level 1. HP: 19/19 MP: 0/0
   139 | D:1      | Reached skill level 4 in Fighting
   139 | D:1      | Reached skill level 3 in Maces & Flails
   139 | D:1      | Reached XP level 2. HP: 27/27 MP: 1/1
   826 | D:2      | Reached skill level 4 in Maces & Flails
   826 | D:2      | Reached XP level 3. HP: 33/33 MP: 2/2
   882 | D:2      | Identified the +0 ring mail "Zoruaskau" {Int+3}
  1055 | D:2      | Found Huicaont's Antique Armour Boutique.
  1572 | D:3      | Reached skill level 5 in Maces & Flails
  1577 | D:3      | Reached XP level 4. HP: 40/40 MP: 3/3
  1678 | D:3      | Noticed Terence
  1686 | D:3      | Killed Terence
  1785 | D:3      | Noticed Sigmund
  1811 | D:3      | Killed Sigmund
  1812 | D:3      | Reached skill level 7 in Maces & Flails
  1812 | D:3      | Reached XP level 5. HP: 26/46 MP: 4/4
  1812 | D:3      | Reached XP level 6. HP: 29/52 MP: 5/5
  2181 | D:4      | Noticed Edmund
  2191 | D:4      | HP: 5/52 [Edmund/+3 flail of venom (11)]
  2192 | D:4      | Slain by Edmund

Vanquished Creatures
  Sigmund (D:3)
  Terence (D:3)
  An orc wizard (D:3)
  2 adders
  3 ribbon worms (D:2)
  4 orcs (D:3)
  9 endoplasms
  A giant cockroach (D:1)
  5 goblins
  5 hobgoblins
  4 jackals (D:1)
  6 kobolds
  2 quokkas
  3 ball pythons
  7 bats
  4 frilled lizards
  5 rats
63 creatures vanquished.
